 Dungeon Crawl Stone Soup version 0.28-a0-804-g60983d4ba9 (webtiles) character file.

Game seed: 12303524964680676682

430 avis the Insei (level 6, -4/42 HPs)
             Began as an Octopode Transmuter on Nov 7, 2021.
             Killed by divine providence
             ... invoked by an orc priest
              (15 damage)
             ... on level 4 of the Dungeon.
             The game lasted 00:21:45 (4582 turns).

avis the Insei (Octopode Transmuter)                Turns: 4582, Time: 00:21:45

Health: -4/42      AC:  1    Str: 11    XL:     6   Next: 99%
Magic:  9/9        EV: 13    Int: 16    God:
Gold:   226        SH:  0    Dex: 12    Spells: 1/9 levels left

rFire   . . .      SeeInvis .     - Unarmed
rCold   . . .      Faith    .   (no shield)
rNeg    . . .      Spirit   .   (helmet restricted)
rPois   .          Reflect  .   p - amulet of magic regeneration
rElec   .          Harm     .   (no ring)
rCorr   .          Rampage  .   (no ring)
Will    .....                   (no ring)
Stlth   +++.......              (no ring)
HPRegen 0.14/turn               (no ring)
MPRegen 0.36/turn               (no ring)
                                (no ring)
                                (no ring)

@: no status effects
A: almost no armour, amphibious, 8 rings, camouflage 1, gelatinous body 1,
(nimble swimmer 1), tentacles
a: no special abilities


You were on level 4 of the Dungeon.
You visited 1 branch of the dungeon, and saw 4 of its levels.

You collected 226 gold pieces.

Inventory:

Hand Weapons
 i - a +3 whip
 j - a +2 whip of flaming
 s - a +1 short sword of protection
 t - a +2 vorpal scythe
 v - a +2 mace of venom
Missiles
 d - 35 arrows
 h - 95 stones
 k - 71 bolts
 w - 3 boomerangs
Armour
 q - a +0 buckler
Jewellery
 p - an amulet of magic regeneration (around mantle)
Wands
 b - a wand of iceblast (5)
Scrolls
 f - 3 scrolls of teleportation {unknown}
 l - 2 scrolls of enchant weapon {unknown}
 m - a scroll of torment {unknown}
 n - a scroll of blinking {unknown}
 u - a scroll of magic mapping {unknown}
Potions
 a - a potion of mutation
 e - 2 potions of brilliance
 g - a potion of degeneration
 o - a potion of ambrosia {unknown}
 r - a potion of lignification {unknown}
 x - a potion of flight {unknown}
 z - a potion of might {unknown}


   Skills:
 - Level 3.0 Fighting
 - Level 2.0 Dodging
 - Level 1.0 Stealth
 * Level 5.9 Unarmed Combat
 - Level 2.0 Spellcasting
 - Level 4.0 Transmutations


You had one spell level left.
You knew the following spells:

 Your Spells              Type           Power      Damage    Failure   Level
a - Beastly Appendage     Tmut           28%        N/A       4%          1
p - Spider Form           Tmut/Pois      8%         N/A       26%         3
q - Ice Form              Ice/Tmut       8%         N/A       65%         4

Your spell library contained the following spells:

 Spells                   Type           Power      Damage    Failure   Level
 Magic Dart               Conj           4%         1d3       21%         1
 Wereblood                Tmut           14%        N/A       6%          2
 Call Imp                 Summ           1%         N/A       30%         2
 Ensorcelled Hibernation  Hex/Ice        2%         N/A       30%         2
 Mephitic Cloud           Conj/Pois/Air  1%         N/A       52%         3
 Tukima's Dance           Hex            1%         N/A       52%         3
 Olgreb's Toxic Radiance  Pois           1%         N/A       90%         4
 Ozocubu's Refrigeration  Ice            0%         4d5       100%        7
 Ignition                 Fire           0%         3d3       100%        8


Dungeon Overview and Level Annotations

Branches:
Dungeon (4/15)
 Temple: D:4-7

Altars:
Kikubaaqudgha
Zin

Annotations:
D:4 1 runed translucent door, exclusion: door, Crazy Yiuf


Innate Abilities, Weirdness & Mutations

You cannot wear most types of armour.
You are amphibious.
You can wear up to eight rings at the same time.
Your skin changes colour to match your surroundings (Stealth+).
Your rubbery body absorbs attacks. (AC +1, EV +1)
((You are camouflaged near water. (Stealth+)))
You have tentacles for arms and can constrict up to eight enemies at once.


Message History

The orc wizard casts a spell.
The orc wizard flickers and vanishes!
Deactivating autopickup; reactivate with Ctrl-A.
You feel sick.
You are no longer poisoned.
A bullfrog skeleton comes into view.
There is an open door here.
Your magical contamination has completely faded away.
A ball python comes into view.
You are confused.
You're too confused to move!
You are more confused.
The bullfrog skeleton completely misses you.
A quokka comes into view.
The bullfrog skeleton hits you.
You're too confused to move!
The bullfrog skeleton completely misses you.
The orc hits you with a +0 hand axe.
You hear some strange, mumbled words.
You are more confused.
The bullfrog skeleton hits you but does no damage.
You hear some strange, mumbled words.
Something tries to affect you, but you resist.
The quokka bites you.
* * * LOW HITPOINT WARNING * * *
You are too confused!
You feel better. The bullfrog skeleton hits you. The quokka bites you.
* * * LOW HITPOINT WARNING * * *
The ball python closely misses you. The ball python grabs you.
The ball python constricts you.
* * * LOW HITPOINT WARNING * * *
The orc barely misses you.
The bullfrog skeleton closely misses you.
You escape the ball python's grasp.
A goblin comes into view. It is wielding a +0 club.
The orc priest looks encouraged for a moment.
Found a chain mail.
The ball python misses you. x2
The orc priest calls down the wrath of Beogh upon you.
Beogh smites you!
You die...

#.............#####....
#.#####.###.......[†...
#.# #............
#.#####.# #..........##
#.......# #..........#
######### #..........#
######..........#
#........########
########@######## #
#.....ZrS..^..# ..
#.....o.......# ##
#.....o.......#
#.............# .
#..o..........[. #
#########............g#.
#
#....o....###.#.....#.#
#.........# #.#.......#
.


You could see an orc priest, 2 orcs, a quokka, a goblin (asleep), a ball python
and a bullfrog skeleton.

Vanquished Creatures
  Sigmund (D:4)
  A water moccasin skeleton (D:4)
  An orc priest (D:4)
  An orc wizard (D:4)
  3 gnolls
  3 adders
  An ufetubus (D:4)
  3 worms
  8 dart slugs
  9 orcs
  6 endoplasms
  5 giant cockroaches
  2 goblins
  5 hobgoblins
  8 jackals
  2 kobolds
  A quokka (D:1)
  9 ball pythons
  6 bats
  4 frilled lizards
  3 rats
82 creatures vanquished.

Notes
Turn   | Place    | Note
-------+----------+-------------------------------------------
     0 | D:1      | avis the Octopode Transmuter began the quest for the Orb.
     0 | D:1      | Reached XP level 1. HP: 13/13 MP: 3/3
   159 | D:1      | Reached XP level 2. HP: 19/19 MP: 3/5
   452 | D:1      | Reached XP level 3. HP: 19/25 MP: 6/6
   456 | D:1      | Learned a level 3 spell: Spider Form
   770 | D:1      | Found a faded altar of an unknown god.
  1450 | D:2      | Reached XP level 4. HP: 27/31 MP: 4/7
  1495 | D:2      | Reached skill level 4 in Unarmed Combat
  2711 | D:4      | Noticed Sigmund
  2827 | D:3      | Reached XP level 5. HP: 26/36 MP: 6/8
  3515 | D:3      | Upgraded the game from 0.28-a0-802-g09f76e8c00 to
                  | 0.28-a0-804-g60983d4ba9
  3520 | D:3      | Learned a level 4 spell: Ice Form
  3978 | D:4      | Killed Sigmund
  3979 | D:4      | Reached skill level 5 in Unarmed Combat
  3979 | D:4      | Reached skill level 1 in Stealth
  3979 | D:4      | Reached XP level 6. HP: 36/42 MP: 9/9
  4184 | D:4      | Found a runed translucent door.
  4185 | D:4      | Noticed Crazy Yiuf
  4448 | D:4      | Found an ancient bone altar of Kikubaaqudgha.
  4448 | D:4      | Found a glowing silver altar of Zin.
  4582 | D:4      | Killed from afar by an orc priest

Illustrated notes

Levels and vault maps discovered:
D:1:      amcnicky_arrival_choice, layout_basic,
          hellmonk_ecumenical_altar_crossroads
D:2:      layout_basic, minmay_tiny_reverse_x
D:3:      wad_river_or_something, layout_basic
D:4:      layout_basic, gammafunk_temple_overflow_pools,
          minmay_temple_entry_waves, uniq_crazy_yiuf_cottage, uniq_natasha,
          uniq_sigmund

Skill      XL: |  1  2  3  4  5 |
---------------+----------------+-----
Fighting       | 2 3 |  3.0
Unarmed Combat | 4 5 |  5.9
Transmutations | 3 4 |  4.0
Stealth        | 1 |  1.0
Dodging        | |  2.0
Spellcasting   | |  2.0

Action                   |  1- 3 |  4- 6 || total
-------------------------+-------+-------++-------
Melee: Unarmed           |    60 |   134 ||   194
       Constrict         |    17 |    16 ||    33
       Kick              |    15 |     9 ||    24
       Tentacles         |     7 |    10 ||    17
       Punch             |     1 |     1 ||     2
 Cast: Beastly Appendage |    18 |    24 ||    42
       Spider Form       |     4 |    14 ||    18
  Use: Scroll            |       |     4 ||     4
       Potion            |       |     1 ||     1
 Stab: Sleeping          |     1 |     8 ||     9
Armor: Skin              |     6 |     4 ||    10
Dodge: Dodged            |    33 |    89 ||   122

Table legend: (Time is in decaauts)
 A = Elapsed time spent in this place.
 B = Non-inter-level travel time spent in this place.
 C = Inter-level travel time spent in this place.
 D = Time resting spent in this place.
 E = Time spent auto-exploring this place.
 F = Levels seen in this place.
 G = Mean time per level.
                   A        B        C        D        E       F      G
               +--------+--------+--------+--------+--------+-----+--------+
         Total |   4584 |   4098 |    486 |   1441 |   1550 |   4 | 1146.0 |
       Dungeon |   4584 |   4098 |    486 |   1441 |   1550 |   4 | 1146.0 |
               +--------+--------+--------+--------+--------+-----+--------+

Top non-repeatable levels by time:
     D:3: 1651 daAuts
     D:1: 1390 daAuts
     D:4: 791 daAuts
     D:2: 750 daAuts
